 Dungeon Crawl Stone Soup version 0.28.0-45-g0d030f2227 (webtiles) character file.

Game seed: 14689265093589826332

235 dianekeaton the Chopper (level 6, -9/51 HPs)
             Began as a Hill Orc Fighter on Apr 4, 2022.
             Was an Initiate of Okawaru.
             Mangled by an ogre
             ... wielding a +0 giant club
              (15 damage)
             ... on level 4 of the Dungeon on Apr 5, 2022.
             The game lasted 00:06:53 (3406 turns).

dianekeaton the Chopper (Hill Orc Fighter)          Turns: 3406, Time: 00:06:54

Health: -9/51      AC:  6    Str: 21    XL:     6   Next: 6%
Magic:  6/6        EV:  9    Int:  8    God:    Okawaru [......]
Gold:   251        SH:  4    Dex: 10    Spells: 5/5 levels left

rFire   . . .      SeeInvis .   a - +0 war axe
rCold   . . .      Faith    .   c - +0 buckler
rNeg    . . .      Spirit   .   b - +0 scale mail
rPois   .          Reflect  .   (no helmet)
rElec   .          Harm     .   (no cloak)
rCorr   .          Rampage  .   (no gloves)
Will    .....                   (no boots)
Stlth   ..........              (no amulet)
HPRegen 0.17/turn               (no ring)
MPRegen 0.10/turn               (no ring)

@: mighty
A: no striking features
a: Renounce Religion


You were on level 4 of the Dungeon.
You worshipped Okawaru.
Okawaru was noncommittal.
You visited 1 branch of the dungeon, and saw 4 of its levels.

You collected 251 gold pieces.

Inventory:

Hand Weapons
 a - a +0 war axe (weapon)
Missiles
 g - 97 stones
 j - 21 poisoned darts (quivered)
Armour
 b - a +0 scale mail (worn)
 c - a +0 buckler (worn)
Jewellery
 e - a +4 ring of protection
 o - a ring of see invisible
Scrolls
 i - 2 scrolls of fear
 k - a scroll of noise {unknown}
Potions
 f - 3 potions of cancellation
 h - 2 potions of flight
 l - a potion of berserk rage
 m - a potion of curing
 n - 2 potions of attraction {unknown}
 p - a potion of brilliance {unknown}
 q - a potion of ambrosia {unknown}
 r - a potion of degeneration {unknown}


   Skills:
 - Level 3.6 Fighting
 + Level 7.8 Axes
 - Level 3.2 Armour
 + Level 1.1 Dodging
 - Level 3.2 Shields


You had 5 spell levels left.
You didn't know any spells.
Your spell library contained the following spells:

 Spells                   Type           Power      Damage    Failure   Level
 Anguish                  Hex/Necr       0%         N/A       100%        4
 Enfeeble                 Hex            0%         N/A       100%        7
 Summon Small Mammal      Summ           Unusable   N/A       N/A         1
 Call Canine Familiar     Summ           Unusable   N/A       N/A         3
 Summon Guardian Golem    Hex/Summ       Unusable   N/A       N/A         3
 Tukima's Dance           Hex            Unusable   N/A       N/A         3

Dungeon Overview and Level Annotations

Branches:
Dungeon (4/15)
 Temple: D:4-7

Altars:
Okawaru

Shops:
D:3 =


Message History

You hit the adder skeleton but do no damage.
You miss the quokka. The quokka closely misses you.
The adder skeleton closely misses you.
You barely miss the adder skeleton. You hit the quokka but do no damage.
The quokka bites you but does no damage.
The adder skeleton barely misses you.
The quokka bites you but does no damage.
You slash the endoplasm!
You kill the endoplasm!
Okawaru accepts your kill.
You hit the quokka.
The quokka bites you but does no damage.
You barely miss the quokka.
The quokka is severely wounded.
You hit the ogre.
The quokka bites you but does no damage.
The ogre closely misses you. The quokka bites you.
You barely miss the quokka.
The quokka is severely wounded.
You slash the ogre! The ogre hits you with a +0 giant club!
The quokka closely misses you. The quokka bites you.
You block the quokka's attack.
You slash the quokka!
You kill the quokka!
Okawaru accepts your kill. You block the ogre's attack.
An iguana comes into view.
Found 4 poisoned darts.
The iguana hisses angrily.
The iguana barely misses you. The ogre hits you with a +0 giant club!
You hit the iguana.
The iguana is moderately wounded.
You barely miss the ogre. The iguana barely misses you.
The ogre hits you with a +0 giant club!
* * * LOW HITPOINT WARNING * * *
The iguana bites you.
* * * LOW HITPOINT WARNING * * *
You feel very mighty all of a sudden. The iguana closely misses you.
The ogre hits you with a +0 giant club!
You die...

...[####.. .###..... .....# .# .
...####..# .. ##......##. .##
##.....###.# .(. ...###.# #..#
..# #..###.## #..#####..#
#.......## #..#.@l.# .........
##.......## #.#O#### ...8...8.
##........###.ZZ# #........
.......##.......# .8...>...
.......#####....### #........
###....# ##.#...# #..8...8.
_###...# ###.....#### #........
.≈##.### ##...#....†.###........
.≈.#.#####..####..##.....#######


You could see an ogre, an iguana, a bullfrog zombie and an adder skeleton.

Vanquished Creatures
  A howler monkey (D:4)
  A centaur skeleton (D:4)
  4 gnolls (D:4)
  2 adders
  An ufetubus (D:4)
  An adder skeleton (D:4)
  4 worms
  4 dart slugs
  4 orcs (D:3)
  4 ball pythons
  9 endoplasms
  4 giant cockroaches
  6 goblins
  12 hobgoblins
  3 kobolds
  4 quokkas
  5 bats
  2 frilled lizards (D:2)
  8 rats
79 creatures vanquished.

Notes
Turn   | Place    | Note
-------+----------+-------------------------------------------
     0 | D:1      | dianekeaton the Hill Orc Fighter began the quest for the
                  | Orb.
     0 | D:1      | Reached XP level 1. HP: 19/19 MP: 1/1
    44 | D:1      | Found a faded altar of an unknown god.
    51 | D:1      | Reached skill level 3 in Axes
   225 | D:1      | Reached XP level 2. HP: 25/26 MP: 2/2
   234 | D:1      | Reached skill level 4 in Axes
   442 | D:1      | Reached XP level 3. HP: 31/31 MP: 3/3
   806 | D:2      | Reached skill level 5 in Axes
   979 | D:2      | Reached XP level 4. HP: 35/39 MP: 4/4
  1747 | D:3      | Found Icecs's Jewellery Shop.
  2163 | D:3      | Reached skill level 6 in Axes
  2910 | D:4      | Reached XP level 5. HP: 40/45 MP: 5/5
  2965 | D:4      | Reached skill level 7 in Axes
  2977 | D:4      | Reached skill level 1 in Dodging
  3035 | D:4      | Found an iron altar of Okawaru.
  3043 | D:4      | Reached XP level 6. HP: 36/51 MP: 6/6
  3161 | D:4      | Became a worshipper of Warmaster Okawaru
  3406 | D:4      | Mangled by an ogre

Illustrated notes

Levels and vault maps discovered:
D:1:      minmay_arrival_arboretum_small, layout_rooms,
          chequers_ecumenical_altar_simple, grunt_decor_resistance
D:2:      layout_rooms
D:3:      layout_loops_ring, serial_shops, nicolae_shop_crystal
D:4:      layout_rooms, okawaru_altar_gauntlet_db, grunt_ministairs_2,
          uniq_crazy_yiuf_cottage

Skill      XL: |  1  2  3  4  5 |
---------------+----------------+-----
Axes           | 3 4 5 6 7 |  7.8
Dodging        | 1 |  1.1
Fighting       | |  3.6
Armour         | |  3.2
Shields        | |  3.2

Action                   |  1- 3 |  4- 6 || total
-------------------------+-------+-------++-------
Melee: War axe           |    92 |   141 ||   233
  Use: Scroll            |       |     7 ||     7
       Potion            |       |     1 ||     1
Armor: Scale mail        |    49 |    73 ||   122
Dodge: Dodged            |    28 |    72 ||   100
Block: Buckler           |    31 |    27 ||    58
